 Dungeon Crawl Stone Soup version 0.18.1-48-g4cf74bf (webtiles) character file.

95 Inkary the Skirmisher (level 4, -9/40 HPs)
             Began as a Minotaur Warper on Aug 5, 2016.
             Mangled by an orc warrior
             ... wielding a +0 trident
              (13 damage)
             ... on level 3 of the Dungeon.
             The game lasted 00:04:40 (2459 turns).

Inkary the Skirmisher (Minotaur Warper)             Turns: 2459, Time: 00:04:41

Health: -9/40      AC:  4    Str: 16    XL:     4   Next: 40%
Magic:  5/5        EV: 12    Int: 15    God:
Gold:   83         SH:  0    Dex: 10    Spells: 2 memorised, 2 levels left

rFire  . . .     SeeInvis .     x - +1 flail
rCold  . . .     Gourm    .     b - +1 leather armour
rNeg   . . .     Faith    .     (no shield)
rPois  .         Spirit   .     (helmet restricted)
rElec  .         Dismiss  .     (no cloak)
rCorr  .         Reflect  .     (no gloves)
SustAt .         Harm     .     (no boots)
MR     +....                    (no amulet)
Stlth  ..........               (no ring)
                                o - ring of protection from magic

@: confused, brilliant, somewhat resistant to hostile enchantments, extremely
unstealthy
A: retaliatory headbutt, horns 2
a: no special abilities


You were on level 3 of the Dungeon.
You were not hungry.

You visited 1 branch of the dungeon, and saw 3 of its levels.

You collected 83 gold pieces.

Inventory:

Hand Weapons
 x - a +1 flail (weapon)
Missiles
 a - 25 stones (quivered)
Armour
 b - a +1 leather armour (worn)
Jewellery
 o - a ring of protection from magic (left hand)
Wands
 t - a wand of flame (46/48)
Scrolls
 d - 2 scrolls of blinking
 j - 2 scrolls of enchant weapon
 k - 2 scrolls of immolation
 u - a scroll of recharging
Potions
 p - a potion of heal wounds {unknown}
 v - a potion of haste {unknown}
 w - a potion of curing {unknown}
Books
 c - a book of Spatial Translocations

   Spells                             Type                      Level
   a - Apportation                    Translocation                1
   b - Blink                          Translocation                2
   c - Shroud of Golubria             Charms/Translocation         2
   d - Portal Projectile              Translocation                3
   e - Teleport Other                 Translocation                3
   f - Passage of Golubria            Translocation                4
Comestibles
 f - 4 bread rations
 l - a beef jerky
 s - 5 chunks of flesh


   Skills:
 + Level 3.9 Fighting
 + Level 3.8 Maces & Flails
 - Level 1.0 Throwing
 + Level 2.8 Armour
 - Level 2.1 Dodging
 - Level 1.3 Spellcasting
 - Level 2.1 Translocations


You had 2 spell levels left.
You knew the following spells:

 Your Spells              Type           Power        Failure   Level  Hunger
a - Apportation           Tloc           ###.......   1%          1    ##.....
b - Blink                 Tloc           N/A          2%          2    ###....


Dungeon Overview and Level Annotations

Branches:
Dungeon (3/15)

Altars:
Ashenzari
Cheibriados
Elyvilon
Nemelex Xobeh
Qazlal
Trog
Xom
Yredelemnul


Innate Abilities, Weirdness & Mutations

You reflexively headbutt those who attack you in melee.
You have a pair of horns on your head.


Message History

The orc warrior hits you with a trident.
The orc wizard gestures wildly while chanting.
The orc wizard blinks!
You barely miss the orc warrior.
The orc warrior is moderately wounded.
The orc warrior hits you with a trident!
Drink which item? (? for menu, Esc to quit)
It was a potion of cure mutation.
It has a very clean taste.
The orc warrior hits you with a trident.
Drink which item? (? for menu, Esc to quit)
It was a potion of brilliance.
You feel clever all of a sudden.
The orc warrior hits you with a trident!
* * * LOW HITPOINT WARNING * * *
Drink which item? (? for menu, Esc to quit)
It was a potion of ambrosia.
You are confused.
You feel invigorated.
The orc warrior hits you with a trident!
You die...

..# #. #.# ##. #.# #..
#.# #.. #.######### ##..
#######.#.......#####...
..........#####.......##
.#####.### ###...### #.
#@# #...# . #.## #o#
#...# .. #... .#o# +...+
... #..##.#.# #...# ....
.......## #...#
.....##..#.#..# #...#
...........#(.# #...#
#<......# #...#
##..##.##


You could see an orc warrior and an orc.

Vanquished Creatures
  A giant frog skeleton (D:3)
  An adder (D:2)
  An ooze (D:1)
  2 worms (D:2)
  A dart slug (D:2)
  A giant gecko (D:2)
  An orc (D:2)
  A giant cockroach (D:2)
  7 goblins
  7 hobgoblins
  A quokka (D:2)
  7 bats
  5 giant newts
  4 kobolds
  5 rats
45 creatures vanquished.

Notes
Turn   | Place    | Note
--------------------------------------------------------------
     0 | D:1      | Inkary the Minotaur Warper began the quest for the Orb.
     0 | D:1      | Reached XP level 1. HP: 18/18 MP: 1/1
   280 | D:1      | Reached XP level 2. HP: 19/25 MP: 3/3
  1197 | D:2      | Reached XP level 3. HP: 26/30 MP: 4/4
  1356 | D:2      | Found a white marble altar of Elyvilon.
  1423 | D:2      | Found a basalt altar of Yredelemnul.
  1423 | D:2      | Found a stormy altar of Qazlal.
  1424 | D:2      | Found a sparkling altar of Nemelex Xobeh.
  1432 | D:2      | Found a snail-covered altar of Cheibriados.
  1432 | D:2      | Found a bloodstained altar of Trog.
  1434 | D:2      | Found a shattered altar of Ashenzari.
  1435 | D:2      | Found a shimmering altar of Xom.
  2326 | D:3      | Noticed an orc warrior
  2351 | D:2      | Learned a level 2 spell: Blink
  2413 | D:3      | Reached XP level 4. HP: 39/40 MP: 5/5
  2458 | D:3      | HP: 1/40 [orc warrior/trident (13)]
  2459 | D:3      | Mangled by an orc warrior

Skill      XL: |  1  2  3 |
---------------+----------+-----
Maces & Flails | 3 |  3.8
Armour         | 2 |  2.8
Fighting       | 3 |  3.9
Throwing       | |  1.0
Dodging        | |  2.1
Spellcasting   | |  1.3
Translocations | |  2.1

Action                   |  1- 3 |  4- 6 || total
-------------------------+-------+-------++-------
Melee: Mace              |   113 |       ||   113
       Headbutt          |    12 |     2 ||    14
       Flail             |     2 |     7 ||     9
Throw: Tomahawk          |     5 |       ||     5
       Stone             |       |     2 ||     2
Evoke: Wand              |       |     2 ||     2
  Use: Scroll            |     8 |       ||     8
       Potion            |       |     3 ||     3
  Eat: Chunk             |     5 |       ||     5
Armor: Leather armour    |    46 |     2 ||    48
Dodge: Dodged            |    97 |     4 ||   101
